 Dungeon Crawl Stone Soup version 0.31.0-11-ge490571c62 (webtiles) character file.

Game seed: 16797196302014577795

95 qw the Shooter (level 4, -13/25 HPs)
             Began as a Deep Elf Hunter on Feb 3, 2024.
             Killed from afar by Ijyb (22 damage)
             ... with a bolt of acid
             ... on level 3 of the Dungeon.
             The game lasted 00:00:05 (2053 turns).

qw the Shooter (Deep Elf Hunter)                    Turns: 2053, Time: 00:00:06

Health: -13/25     AC:  8    Str: 10    XL:     4   Next: 39%
Magic:  6/6        EV:  9    Int: 14    God:
Gold:   42         SH:  0    Dex: 18    Spells: 3/3 levels left

rFire   . . .        a - +0 shortbow
rCold   . . .        (shield currently unavailable)
rNeg    . . .        g - +0 scale mail
rPois   .            k - +2 helmet
rElec   .            (no cloak)
rCorr   .            i - +2 pair of gloves
SInv    .            (no boots)
Will    .....        f - amulet of faith
Stlth   +            (no ring)
HPRegen 0.24/turn    (no ring)
MPRegen 0.10/turn

%: faith
@: corroded
A: no striking features
a: no special abilities


You were on level 3 of the Dungeon.
You visited 1 branch of the dungeon, and saw 3 of its levels.

You collected 42 gold pieces.


   Skills:
 - Level 1.5 Fighting
 + Level 7.8 Ranged Weapons
 - Level 2.4 Dodging
 - Level 1.2 Stealth


You had 3 spell levels left.
You didn't know any spells.
Your spell library was empty.

Inventory:

Hand Weapons
 a - a +0 shortbow (weapon)
Armour
 g - a +0 scale mail (worn)
 i - a +2 pair of gloves (worn)
 j - a +0 ring mail
 k - a +2 helmet (worn)
Jewellery
 f - an amulet of faith (around neck)
 h - a ring of willpower
Scrolls
 d - 5 scrolls of identify
Potions
 b - a potion of heal wounds
 c - a potion of mutation {unknown}
 e - 2 potions of curing

Dungeon Overview and Level Annotations

Branches:
Dungeon (3/15)

Altars:

Annotations:
D:3 Ijyb, Robin


Message History

You shoot an arrow. The arrow hits the hobgoblin.
The hobgoblin is moderately wounded.
Robin throws the goblin at you! The goblin hits you but does no damage.
The goblin hits you with a +0 club.
The hobgoblin hits you but does no damage.
You shoot an arrow. The arrow hits the hobgoblin.
The hobgoblin is severely wounded.
The hobgoblin hits you.
Ijyb screams, "Level is mine!
All mine!"
The goblin closely misses you.
A hobgoblin comes into view.
You shoot an arrow.
The arrow hits the hobgoblin but does no damage.
The hobgoblin is severely wounded.
The hobgoblin barely misses you.
Robin points. "Kill!"
The goblin barely misses you.
You shoot an arrow. The arrow hits the hobgoblin.
You kill the hobgoblin!
The goblin hits you but does no damage. The goblin closely misses you.
The goblin barely misses you.
You shoot an arrow.
The arrow hits the goblin but does no damage.
The goblin barely misses you. x2
You shoot an arrow. The arrow barely misses the goblin.
The goblin closely misses you. The goblin hits you but does no damage.
You shoot an arrow. The arrow hits the goblin.
The goblin is heavily wounded.
The goblin hits you but does no damage. x2; The goblin hits you with a +0 club.
You shoot an arrow. The arrow hits Ijyb but does no damage.
Ijyb zaps a wand.
The bolt of acid misses you. The goblin hits you but does no damage.
You shoot an arrow. The arrow hits Ijyb but does no damage.
Ijyb zaps a wand.
The bolt of acid hits you! The acid corrodes you!
The goblin hits you with a +0 club.
You shoot an arrow. The arrow hits Ijyb but does no damage.
The goblin no longer looks unusually strong.
Ijyb zaps a wand.
The bolt of acid hits you!!
Ouch! That really hurt!
You die...

######........#.##
#.........#......#
####.####.#.#....#
#.# #.#.#.##.# #.#
#.#.#.# ..# #.#
(.#.#.. ## #%#
..... #.# .. #@#
#gggg%...
####g.... .... ...
.. .


You could see Ijyb (strong), Robin, a hobgoblin (strong) and 2 goblins.

Vanquished Creatures
  5 adders
  2 dart slugs
  2 orcs (D:3)
  5 ball pythons
  3 endoplasms
  2 giant cockroaches (D:1)
  A goblin (D:1)
  6 hobgoblins
  3 jackals (D:1)
  2 quokkas
  3 bats
  A frilled lizard (D:2)
  4 kobolds (D:1)
  5 rats
44 creatures vanquished.

Notes
Turn   | Place    | Note
-------+----------+-------------------------------------------
     0 | D:1      | qw the Deep Elf Hunter began the quest for the Orb.
     0 | D:1      | Reached XP level 1. HP: 12/12 MP: 3/3
     0 | D:1      | 0 ||| qw: Version: 0.3-a-157-g843a77d
     0 | D:1      | 0 ||| qw: Game counter: 3625
     0 | D:1      | 0 ||| qw: Melee chars always use a shield: true
     0 | D:1      | 0 ||| qw: God list: Okawaru
     0 | D:1      | 0 ||| qw: Allow faded altars: false
     0 | D:1      | 0 ||| qw: Do Orc after clearing Dungeon:15 true
     0 | D:1      | 0 ||| qw: Do second Lair branch before Depths: true
     0 | D:1      | 0 ||| qw: Lair rune preference: random
     0 | D:1      | 0 ||| qw: Goals: Normal
     0 | D:1      | 0 ||| PLANNING D:1-11
   213 | D:1      | Reached XP level 2. HP: 16/16 MP: 4/4
   213 | D:1      | Found a faded altar of an unknown god.
   253 | D:1      | Reached skill level 6 in Ranged Weapons
  1024 | D:1      | 1024 ||| UPGRADING to +2 pair of gloves.
  1029 | D:1      | 1029 ||| UPGRADING to +0 helmet.
  1034 | D:1      | 1034 ||| UPGRADING to amulet of faith.
  1039 | D:1      | 1039 ||| READING 2 scrolls labelled QOAROM WESTRO.
  1039 | D:1      | 1039 ||| IDENTIFYING viscous silvery potion
  1040 | D:1      | 1040 ||| READING scroll of identify.
  1040 | D:1      | 1040 ||| IDENTIFYING bubbling ruby potion
  1041 | D:1      | 1041 ||| READING scroll labelled ACAWNO EMUEF.
  1041 | D:1      | 1041 ||| ENCHANTING +0 helmet.
  1042 | D:1      | 1042 ||| READING scroll labelled AFIVES JUGRO.
  1043 | D:1      | 1043 ||| DRINKING 3 lumpy amethyst potions.
  1044 | D:1      | 1044 ||| DROPPING scroll of butterflies.
  1045 | D:1      | 1045 ||| DROPPING potion of ambrosia.
  1046 | D:1      | 1046 ||| DROPPING potion of degeneration.
  1117 | D:2      | Reached XP level 3. HP: 12/20 MP: 5/5
  1218 | D:2      | Reached skill level 7 in Ranged Weapons
  1343 | D:2      | 1343 ||| READING scroll of enchant armour.
  1343 | D:2      | 1343 ||| ENCHANTING +1 helmet.
  1870 | D:2      | 1870 ||| UPGRADING to +0 scale mail.
  1880 | D:2      | 1880 ||| DROPPING +0 leather armour.
  1881 | D:2      | 1881 ||| READING 4 scrolls of identify.
  1881 | D:2      | 1881 ||| IDENTIFYING sapphire potion
  1882 | D:2      | 1882 ||| READING 3 scrolls of identify.
  1882 | D:2      | 1882 ||| IDENTIFYING scroll labelled QUABBID DAGEOM
  1883 | D:2      | 1883 ||| DROPPING scroll of torment.
  1933 | D:3      | Reached XP level 4. HP: 25/25 MP: 6/6
  2040 | D:3      | Noticed Robin
  2040 | D:3      | Noticed Ijyb
  2053 | D:3      | Killed from afar by Ijyb

Levels and vault maps discovered:
D:1:      dpeg_arrival_solitude, layout_loops_ring,
          shapermc_ecumenical_altar_gd, roderic_lattice_a, corexii_corridor_pit,
          minivault_27, grunt_decor_clamped
D:2:      layout_basic, grunt_decor_mini_mirrors
D:3:      layout_basic, tgw_trog, nicolae_goblin_pals

Skill      XL: |  1  2  3 |
---------------+----------+-----
Ranged Weapons | 6 7 |  7.8
Fighting       | |  1.5
Dodging        | |  2.4
Stealth        | |  1.2

Action                     |  1- 3 |  4- 6 || total
---------------------------+-------+-------++-------
   Fire: Shortbow          |   108 |    39 ||   147
    Use: Scroll            |     7 |       ||     7
         Potion            |     1 |       ||     1
 Armour: Leather armour    |    30 |       ||    30
         Scale mail        |       |    29 ||    29
  Dodge: Dodged            |    36 |    19 ||    55

Table legend:
 A = Non-vault XP
 B = Vault XP
 C = Vault XP percentage of total XP
 D = Non-vault monster count
 E = Vault monster count
 F = Vault count percentage of total count
                 A         B        C        D         E       F
            +---------+---------+-------+---------+---------+-------
      Total |     132 |       4 |   2.9 |      42 |       2 |   4.5
            +---------+---------+-------+---------+---------+-------
        D:1 |      38 |       0 |   0.0 |      22 |       0 |   0.0
        D:2 |      56 |       0 |   0.0 |      12 |       0 |   0.0
        D:3 |      38 |       4 |   9.5 |       8 |       2 |  20.0
            +---------+---------+-------+---------+---------+-------
